 Dungeon Crawl Stone Soup version 0.18.1-5-g4a78601 (webtiles) character file.

147 slacking the Covert (level 5, -3/38 HPs)
             Began as a Vampire Assassin on May 13, 2016.
             Slain by an adder (4 damage)
             ... on level 4 of the Dungeon.
             The game lasted 00:15:04 (3743 turns).

slacking the Covert (Vampire Assassin)              Turns: 3743, Time: 00:15:05

Health: -3/38      AC:  3    Str: 10    XL:     5   Next: 8%
Magic:  5/5        EV: 13    Int: 13    God:
Gold:   139        SH:  0    Dex: 17    Spells: 0 memorised, 4 levels left

rFire  . . .     SeeInvis +     a - +2 dagger
rCold  + . .     Gourm    .     c - +0 robe
rNeg   + + .     Faith    .     (no shield)
rPois  +         Spirit   .     (no helmet)
rElec  .         Dismiss  .     d - +0 cloak
rCorr  .         Reflect  .     (no gloves)
SustAt .         Harm     .     (no boots)
MR     .....                    (no amulet)
Stlth  +++++.....               (no ring)
                                (no ring)

@: regenerating slowly, not resistant to hostile enchantments, quite stealthy
A: fangs 3, see invisible, unbreathing
a: Bat Form


You were on level 4 of the Dungeon.
You were very thirsty.

You visited 1 branch of the dungeon, and saw 4 of its levels.

You collected 139 gold pieces.

Inventory:

Hand Weapons
 a - a +2 dagger (weapon)
 b - a +0 blowgun
 i - a +0 dagger
 k - a +1 dagger of flaming
Missiles
 e - 26 poisoned needles
 f - 2 curare-tipped needles
Armour
 c - a +0 robe (worn)
 d - a +0 cloak (worn)
Jewellery
 s - a +2 ring of protection {unknown}
 A - an uncursed ring of flight {unknown}
 B - a +4 ring of protection {unknown}
Wands
 z - a wand of flame (29/48)
Scrolls
 h - 2 scrolls of amnesia {unknown}
 j - 3 scrolls of random uselessness {unknown}
 m - 4 scrolls of identify {unknown}
 n - 2 scrolls of enchant weapon {unknown}
 o - a scroll of magic mapping {unknown}
 q - a scroll of enchant armour {unknown}
 r - a scroll of teleportation {unknown}
 x - a scroll of recharging {unknown}
 y - a scroll of remove curse {unknown}
Potions
 g - 17 potions of blood
 l - 2 potions of curing
 p - a potion of brilliance {unknown}
 t - a potion of mutation {unknown}
 u - a potion of flight {unknown}
 v - a potion of might {unknown}
 w - a potion of degeneration {unknown}


   Skills:
 + Level 2.1 Fighting
 * Level 3.1 Short Blades
 - Level 1.5 Throwing
 + Level 2.6 Dodging
 * Level 8.0 Stealth


You had 4 spell levels left.
You didn't know any spells.

Dungeon Overview and Level Annotations

Branches:
Dungeon (4/15)
 Temple: D:4-7

Altars:
Vehumet


Innate Abilities, Weirdness & Mutations

You heal slowly.
You have razor-sharp teeth.
You have supernaturally acute eyesight.
You can survive without breathing.


Message History

* * * LOW HITPOINT WARNING * * *
The adder closely misses you. The orc misses you.
You are too injured to fight recklessly!
You are too injured to fight recklessly!
You are too injured to fight recklessly!
You are too injured to fight recklessly!
You are too injured to fight recklessly!
You closely miss the orc.
The orc wizard gestures at you while chanting.
The puff of flame hits you!
* * * LOW HITPOINT WARNING * * *
The adder closely misses you. The orc barely misses you.
The orc wizard hits you with a dagger.
* * * LOW HITPOINT WARNING * * *
You hit the orc but do no damage. The orc closely misses you.
The adder misses you.
You hit the orc but do no damage. The orc wizard hits you with a dagger.
* * * LOW HITPOINT WARNING * * *
The adder bites you.
You die...

#..# #.# . # #..# #.#
#.#. ..# #.# #.#.#####.#
#.####
.......#.######.#..#
###.#...<...........#
.........#.#.....#.###.
##.#....#.#.....#.....
#o@o.#.#.###.#..#..
<.....ooS.#.#####.#..###
...#......#)......#..#..
# #.(....#########..#.#
......... ............
..........#.######....#
#.####.#...# #.........
#. .. ...# #.###....<
#.....


You could see an orc wizard, an adder and 3 orcs.

Vanquished Creatures
  6 adders
  2 oozes
  3 worms
  2 dart slugs
  3 giant geckos
  2 ball pythons
  4 giant cockroaches
  7 goblins
  9 hobgoblins
  7 jackals
  7 kobolds
  2 quokkas
  5 bats
  6 giant newts
  5 rats
70 creatures vanquished.

Notes
Turn   | Place    | Note
--------------------------------------------------------------
     0 | D:1      | slacking the Vampire Assassin began the quest for the Orb.
     0 | D:1      | Reached XP level 1. HP: 16/16 MP: 1/1
    49 | D:1      | Reached skill level 6 in Stealth
   308 | D:1      | Reached XP level 2. HP: 22/22 MP: 2/2
  1099 | D:2      | Reached skill level 7 in Stealth
  1099 | D:2      | Reached XP level 3. HP: 27/27 MP: 3/3
  2103 | D:2      | Reached XP level 4. HP: 22/33 MP: 4/4
  2319 | D:3      | Found a radiant altar of Vehumet.
  2939 | D:3      | Reached skill level 8 in Stealth
  3364 | D:3      | Reached XP level 5. HP: 33/38 MP: 5/5
  3681 | D:4      | Noticed an ogre
  3743 | D:4      | HP: 1/38 [orc wizard/dagger (2)]
  3743 | D:4      | Slain by an adder

Skill      XL: |  1  2  3  4 |
---------------+-------------+-----
Stealth        | 6 7 8 |  8.0
Fighting       | 2 |  2.1
Dodging        | 2 |  2.6
Short Blades   | 3 |  3.1
Throwing       | |  1.5

Action                   |  1- 3 |  4- 6 || total
-------------------------+-------+-------++-------
Melee: Dagger            |   103 |   113 ||   216
       Bite              |     9 |     9 ||    18
       Unarmed           |       |     6 ||     6
 Fire: Blowgun           |     3 |     3 ||     6
 Abil: End Transformatio |       |     2 ||     2
       Bat Form          |       |     2 ||     2
  Use: Potion            |       |     3 ||     3
 Stab: Sleeping          |    17 |    15 ||    32
Armor: Robe              |    10 |    30 ||    40
Dodge: Dodged            |    47 |    84 ||   131
